 Dungeon Crawl Stone Soup version 0.31-a0-845-g9abc20d24f (webtiles) character file.

Game seed: 15971083642651688583

91 Kurtz the Chopper (level 4, 0/31 HPs)
             Began as an Octopode Fighter on Oct 2, 2023.
             Slain by a sky beast (5 damage)
             ... on level 3 of the Dungeon.
             The game lasted 00:00:57 (2259 turns).

Kurtz the Chopper (Octopode Fighter)                Turns: 2259, Time: 00:00:58

Health: 0/31       AC:  1    Str: 15    XL:     4   Next: 59%
Magic:  4/4        EV: 13    Int: 10    God:
Gold:   204        SH:  4    Dex: 13    Spells: 3/3 levels left

rFire   . . .        a - +0 war axe
rCold   . . .        b - +0 buckler
rNeg    . . .        (helmet restricted)
rPois   .            (no amulet)
rElec   .            (no ring)
rCorr   .            (no ring)
SInv    .            (no ring)
Will    .....        (no ring)
Stlth   ++           (no ring)
HPRegen 0.25/turn    (no ring)
MPRegen 0.09/turn    (no ring)
                     (no ring)

%: no passive effects
@: mighty
A: almost no armour, amphibious, 8 rings, camouflage 1, gelatinous body 1,
(nimble swimmer 1), tentacles
a: no special abilities


You were on level 3 of the Dungeon.
You visited 1 branch of the dungeon, and saw 3 of its levels.

You collected 204 gold pieces.

Inventory:

Hand Weapons
 a - a +0 war axe (weapon)
Armour
 b - a +0 buckler (worn)
Scrolls
 d - 2 scrolls of immolation {unknown}
 e - 2 scrolls of fog {unknown}
 f - a scroll of acquirement {unknown}
 g - a scroll of identify {unknown}
 h - a scroll of noise {unknown}
 i - a scroll of teleportation {unknown}


   Skills:
 - Level 3.0 Fighting
 * Level 4.6 Axes
 - Level 3.0 Dodging
 - Level 3.0 Shields


You had 3 spell levels left.
You didn't know any spells.
Your spell library was empty.

Dungeon Overview and Level Annotations

Branches:
Dungeon (3/15)

Altars:


Innate Abilities, Weirdness & Mutations

You cannot wear most types of armour.
You are amphibious.
You can wear up to eight rings at the same time.
Your skin changes colour to match your surroundings (Stealth+).
Your rubbery body absorbs attacks. (AC +1, EV +1)
((You are camouflaged when in or above water. (Stealth+)))
You have tentacles for arms and can constrict up to eight enemies at once.


Message History

You are more poisoned.
The adder poisons you!
You hit the adder but do no damage.
The adder is severely wounded.
You constrict the adder.
You feel very sick. The adder closely misses you.
You slash the adder!
You kill the adder!
You feel very sick.
You feel sick.
You feel sick.
You start resting.
You feel sick. x5
You are no longer poisoned.
You start resting.
HP restored.
A sky beast comes into view.
A sky beast is nearby!
A sky beast is nearby!
The sky beast flickers out of sight!
Deactivating autopickup; reactivate with Ctrl-A.
Something hits you. Something shocks you.
No target in view!
No target in view!
A sky beast appears from thin air!
Reactivating autopickup.
You feel very mighty all of a sudden. The sky beast hits you.
The sky beast shocks you.
You closely miss the sky beast. The sky beast barely misses you.
You slash the sky beast!
The sky beast is moderately wounded.
The sky beast flickers out of sight!
Deactivating autopickup; reactivate with Ctrl-A.
Something hits you but does no damage.
You miss something. Something hits you. Something shocks you.
* * * LOW HITPOINT WARNING * * *
Something hits you.
* * * LOW HITPOINT WARNING * * *
Something shocks you.
You die...

#.#...# .. ......
......... #.##....#
........# ........# #
........ #.......# .#.#
#.>.... #.......####.#.#
#...#..
#..............###.#.#.#..
#.......##.#..............
#.......{@....... #......
##....#.##.#.#.#####.#.#..
#....#.##.#.#.#..........
#...................###..
###.##.##.#.#.#.###.# #..
# #....#.....###.####.
#...................
#.####.#.#.###.####.
#.####.#............


There were no monsters in sight!

Vanquished Creatures
  A gnoll (D:1)
  2 adders
  3 worms (D:2)
  2 dart slugs
  6 bats
  6 endoplasms
  4 goblins
  6 hobgoblins
  4 kobolds
  5 quokkas (D:2)
  4 ball pythons
  A frilled lizard (D:1)
  2 rats
46 creatures vanquished.

Notes
Turn   | Place    | Note
-------+----------+-------------------------------------------
     0 | D:1      | Kurtz the Octopode Fighter began the quest for the Orb.
     0 | D:1      | Reached XP level 1. HP: 16/16 MP: 1/1
    37 | D:1      | Reached XP level 2. HP: 10/21 MP: 2/2
   354 | D:1      | Reached skill level 3 in Axes
   496 | D:1      | Reached XP level 3. HP: 16/26 MP: 3/3
  1287 | D:2      | Reached skill level 4 in Axes
  1469 | D:2      | Reached XP level 4. HP: 31/31 MP: 4/4
  2250 | D:3      | Noticed a sky beast
  2259 | D:3      | Slain by a sky beast

Illustrated notes

Levels and vault maps discovered:
D:1:      minmay_arrival_arboretum_small, layout_basic, serial_forest,
          infiniplex_forest_lined_2, infiniplex_forest_lined_1,
          infiniplex_forest_zigzag_1, infiniplex_forest_lined_3_way,
          infiniplex_forest_clump_curved, infiniplex_forest_clump_long,
          infiniplex_forest_clump_medium, infiniplex_forest_fountain
D:2:      layout_loops_corners, minmay_gold_behind_fungi, minivault_23,
          minmay_indecisive_spiral
D:3:      layout_basic, mainiacjoe_overflow_cross_hatched,
          ebering_ecumenical_altar_sacrificial, minmay_distorted

Skill      XL: |  1  2  3 |
---------------+----------+-----
Axes           | 3 4 |  4.6
Fighting       | |  3.0
Dodging        | |  3.0
Shields        | |  3.0

Action                     |  1- 3 |  4- 6 || total
---------------------------+-------+-------++-------
  Melee: War axe           |    62 |    23 ||    85
         Constrict         |    14 |     5 ||    19
         Tentacles         |     5 |     2 ||     7
    Use: Potion            |       |     1 ||     1
   Stab: Sleeping          |     4 |     2 ||     6
 Armour: Skin              |    22 |    13 ||    35
  Dodge: Dodged            |    26 |    11 ||    37
  Block: Buckler           |     8 |     1 ||     9

Table legend: (Time is in decaauts)
 A = Elapsed time spent in this place.
 B = Non-inter-level travel time spent in this place.
 C = Inter-level travel time spent in this place.
 D = Time resting spent in this place.
 E = Time spent auto-exploring this place.
 F = Levels seen in this place.
 G = Mean time per level.
                   A        B        C        D        E       F      G
               +--------+--------+--------+--------+--------+-----+--------+
         Total |   2288 |   2239 |     49 |     55 |   1904 |   3 |  762.7 |
       Dungeon |   2288 |   2239 |     49 |     55 |   1904 |   3 |  762.7 |
               +--------+--------+--------+--------+--------+-----+--------+

Top non-repeatable levels by time:
     D:1: 1096 daAuts
     D:2: 994 daAuts
     D:3: 197 daAuts
